 Dungeon Crawl Stone Soup version 0.26-b1-32-g5d43845318 (webtiles) character file.

Game seed: 10507550132799020088

952 barbarian the Ruffian (level 7, -20/59 HPs)
             Began as a Yellow Draconian Transmuter on Jan 9, 2021.
             Killed from afar by Dowan (22 damage)
             ... with a stone arrow
             ... on level 4 of the Dungeon.
             The game lasted 00:08:21 (3851 turns).

barbarian the Ruffian (Yellow Draconian Transmuter) Turns: 3851, Time: 00:08:21

Health: -20/59     AC:  2    Str: 13    XL:     7   Next: 90%
Magic:  12/13      EV: 19    Int: 15    God:
Gold:   137        SH:  0    Dex: 16    Spells: 11/15 levels left

rFire    . . .     SeeInvis .     - Unarmed
rCold    . . .     Faith    .   (shield currently unavailable)
rNeg     . . .     Spirit   .   (armour unavailable)
rPois    x         Reflect  .   (helmet currently unavailable)
rElec    .         Harm     .   (cloak currently unavailable)
rCorr    .         Rampage  .   (gloves currently unavailable)
Will     .....                  (boots currently unavailable)
Stlth    +.........             (no amulet)
HPRegen  0.19/turn              (no ring)
MPRegen  0.13/turn              (no ring)

@: spider-form
A: tiny, (spit acid), unfitting armour, AC +6
a: End Transformation


You were on level 4 of the Dungeon.
You were a venomous arachnid creature.
You visited 1 branch of the dungeon, and saw 4 of its levels.

You collected 137 gold pieces.

Inventory:

Armour
 k - a +0 pair of gloves (melded)
 p - a scarf of invisibility (melded)
Wands
 i - a wand of acid (10)
Scrolls
 a - a scroll of teleportation {unknown}
 b - 7 scrolls of identify {unknown}
 c - a scroll of enchant armour {unknown}
 d - 4 scrolls of noise {unknown}
 e - a scroll of fog {unknown}
 f - 3 scrolls of remove curse {unknown}
 n - 2 scrolls of amnesia {unknown}
 r - a scroll of blinking {unknown}
Potions
 g - a potion of berserk rage {unknown}
 h - a potion of haste {unknown}
 l - a potion of heal wounds {unknown}
 m - a potion of attraction {unknown}
 o - a potion of lignification {unknown}
 q - a potion of degeneration {unknown}


   Skills:
 - Level 4.0 Fighting
 - Level 2.0 Dodging
 + Level 5.0 Unarmed Combat
 + Level 4.5 Spellcasting
 + Level 4.4 Transmutations
 * Level 3.5 Poison Magic


You had 11 spell levels left.
You knew the following spells:

 Your Spells              Type           Power        Failure   Level
a - Beastly Appendage     Tmut           32%          10%         1
b - Spider Form           Tmut/Pois      7%           24%         3

Your spell library contained the following spells:

 Spells                   Type           Power        Failure   Level
 Wereblood                Tmut           16%          13%         2
 Ice Form                 Ice/Tmut       10%          77%         4
 Blade Hands              Tmut           8%           78%         5


Dungeon Overview and Level Annotations

Branches:
Dungeon (4/15)
 Temple: D:4-7

Altars:
Ashenzari
Fedhas

Annotations:
D:4 Dowan


Innate Abilities, Weirdness & Mutations

((You can spit globs of acid.))
((Your golden yellow scales are hard. (AC +6)))
You cannot fit into any form of body armour.
((You are cold-blooded and may be slowed by cold attacks.))
((You are resistant to acid. (rCorr)))


Message History

You hit Dowan.
Dowan looks as sick as possible!
Dowan is severely wounded.
Dowan barely misses you.
You barely miss Dowan.
Dowan is severely wounded.
Dowan drinks a potion.
Dowan is healed!
Dowan looks more healthy.
You completely miss Dowan.
Dowan is moderately wounded.
Dowan closely misses you.
You hit Dowan but do no damage.
Dowan is poisoned.
Dowan is moderately wounded.
You barely miss Dowan.
Dowan is moderately wounded.
Dowan hits you with a +0 dagger.
* * * LOW HITPOINT WARNING * * *
You hit Dowan.
Dowan is heavily wounded.
Dowan gestures at you while chanting. The stone arrow hits you!!
You die...

........(e..##....#.....
........$5.......#......
....5.....##...##.......
#######'#55..##.........
#.#5)##.[.........
#.###.............
#.................
#e.....###########
#s###### #[# #<# ###


You could see Dowan (very poisoned).

Vanquished Creatures
  Pikel (D:3)
  Duvessa (D:4)
  A bullfrog (D:2)
  A howler monkey (D:4)
  2 orc wizards
  An iguana (D:3)
  2 worker ants
  7 adders
  2 oozes (D:1)
  3 worms
  2 dart slugs
  7 orcs
  A ball python (D:2)
  11 bats
  5 giant cockroaches
  8 hobgoblins
  14 kobolds
  3 frilled lizards (D:3)
  8 goblins
  4 rats
84 creatures vanquished.

Vanquished Creatures (others)
  An orc wizard (D:4)
1 creature vanquished.

Grand Total: 85 creatures vanquished

Notes
Turn   | Place    | Note
-------+----------+-------------------------------------------
     0 | D:1      | barbarian the Draconian Transmuter began the quest for the
                  | Orb.
     0 | D:1      | Reached XP level 1. HP: 16/16 MP: 3/3
    93 | D:1      | Reached XP level 2. HP: 13/23 MP: 5/5
   549 | D:1      | Reached XP level 3. HP: 29/29 MP: 4/6
  1112 | D:2      | Found a broken altar of Ashenzari.
  1222 | D:2      | Noticed a bullfrog
  1230 | D:2      | Killed a bullfrog
  1231 | D:2      | Reached XP level 4. HP: 36/36 MP: 6/8
  1294 | D:2      | Found a blossoming altar of Fedhas.
  1364 | D:2      | Reached XP level 5. HP: 30/41 MP: 9/9
  1743 | D:2      | Reached skill level 4 in Unarmed Combat
  3151 | D:3      | Reached XP level 6. HP: 49/50 MP: 9/11
  3159 | D:3      | Learned a level 3 spell: Spider Form
  3321 | D:4      | Noticed Duvessa
  3322 | D:4      | Noticed Pikel
  3328 | D:4      | Noticed Dowan
  3334 | D:4      | Reached skill level 1 in Poison Magic
  3398 | D:3      | Killed Pikel
  3399 | D:3      | Your scales start taking on a golden yellow colour.
  3399 | D:3      | Reached XP level 7. HP: 15/59 MP: 11/13
  3399 | D:3      | Gained mutation: You are resistant to acid. (rCorr) [Yellow
                  | Draconian growth]
  3648 | D:4      | Killed Duvessa
  3660 | D:3      | Reached skill level 5 in Unarmed Combat
  3843 | D:4      | HP: 2/59 [Dowan/shard of ice (30)]
  3850 | D:4      | HP: 2/59 [Dowan/+0 dagger (1)]
  3851 | D:4      | Killed from afar by Dowan

Illustrated notes

Levels and vault maps discovered:
D:1:      dpeg_arrival_windows_large_door, layout_loops_cross
D:2:      layout_loops_ring, fedhas_altar_2, lemuel_round_altar
D:3:      layout_basic, minmay_misc_feat_tiny
D:4:      layout_basic, kb_xom_exploding_sheep, ebering_ghost_sewer_f,
          portal_sewer_entry_e, hangedman_decor_peaks_small,
          hangedman_minor_gate_pass, uniq_pikel, uniq_duvessa, uniq_grinder

Skill      XL: |  1  2  3  4  5  6  7 |
---------------+----------------------+-----
Dodging        | 2 |  2.0
Fighting       | 2 4 |  4.0
Spellcasting   | 3 4 |  4.5
Transmutations | 3 4 |  4.4
Unarmed Combat | 4 5 |  5.0
Poison Magic   | 2 3 |  3.5

Action                   |  1- 3 |  4- 6 |  7- 9 || total
-------------------------+-------+-------+-------++-------
Melee: Unarmed           |   123 |   116 |    30 ||   269
       Kick              |    14 |    31 |       ||    45
       Headbutt          |    10 |    21 |       ||    31
       Tailslap          |     6 |    18 |       ||    24
       Dagger            |       |    85 |       ||    85
       Punch             |       |     2 |       ||     2
 Cast: Beastly Appendage |    18 |    18 |       ||    36
       Spider Form       |       |     1 |     3 ||     4
 Stab: Sleeping          |     1 |       |       ||     1
Armor: Skin              |    51 |    61 |     1 ||   113
Dodge: Dodged            |    93 |   136 |    18 ||   247
